Map: Doraelus Hills

Players

Moe

  • Race: Zerg Zerg
  • League: Platinum

Alpha

  • Race: Terran Terran
  • League: Silver

eXesor

  • Race: Protoss Protoss

Blubbel

  • Race: Terran Terran
  • League: Silver

zod

  • Race: Protoss Protoss
  • League: Silver

MasteroP

  • Race: Zerg Zerg

VOD

Have the link to the VOD?

Description

Time

  • Played on: Jan. 10, 2016, 10:34 a.m.
  • Length: 13:40
Show
View Real Time Build Order
Export as new Build Order

Moe Zerg 

Build Orders: Hatch First 

Get SALT Encoding   

  12  0:02  Drone  
  13  0:25  Overlord  
  13  0:26  Drone  
  14  0:44  Drone x2  
  16  0:52  Drone  
  16  0:56  Hatchery  
  16  0:58  Drone  
  17  1:08  Drone  
  18  1:19  Drone  
  18  1:22  Spawning Pool  
  18  1:23  Extractor  
  17  1:33  Drone  
  18  1:41  Drone  
  19  1:53  Drone  
  20  2:02  Drone  
  20  2:08  Overlord, Queen  
  21  2:09  Queen  
  21  2:12  Drone  
  26  2:21  Drone  
  27  2:23  Drone  
  28  2:30  Hatchery  
  28  2:33  Drone  
  28  2:44  Drone x2  
  30  2:55  Drone x2, Queen  
  30  2:57  Drone  
  35  3:01  Drone  
  36  3:09  Overlord  
  36  3:10  Extractor  
  35  3:13  Drone  
  35  3:18  Lair  
  36  3:30  Drone x7  
  43  3:35  Drone  
  43  3:40  Overlord  
  44  3:44  Overlord  
  44  3:47  Extractor  
  44  3:48  Drone x2  
  45  3:50  Extractor  
  45  3:53  Drone  
  45  3:54  Drone  
  46  3:59  Drone x4  
  46  4:02  Extractor  
  49  4:03  Drone  
  49  4:05  Extractor  
  49  4:07  Drone  
  49  4:09  Drone x3  
  53  4:10  Drone  
  53  4:15  Drone  
  55  4:22  Spire  
  54  4:24  Drone x2  
  54  4:26  Drone  
  54  4:30  Drone x2  
  54  4:31  Drone  
  60  4:34  Drone x2  
  62  4:43  Overlord  
  62  4:45  Drone x3  
  65  4:46  Drone  
  66  4:57  Overlord x4  
  66  4:58  Overlord  
  66  5:10  Drone x2, Overlord  
  66  5:11  Overlord x3  
  68  5:15  Pneumatized Carapace  
  68  5:36  Mutalisk x8  
  68  5:37  Mutalisk x2  
  68  5:39  Mutalisk  
  90  5:43  Zerg Flyer Armor Level 1  
  90  5:45  Overseer  
  90  5:55  Mutalisk x2  
  94  6:02  Mutalisk  
  88  6:20  Mutalisk x3  
  88  6:25  Drone x8  
  85  6:36  Drone x2  
  85  6:37  Drone x9  
  85  6:39  Queen  
  98  6:51  Drone x3  
  99  6:57  Mutalisk x3  
  97  7:09  Mutalisk x2  
  101  7:20  Mutalisk  
  103  7:35  Mutalisk x2  
  107  7:50  Zergling x14  
  110  7:52  Hatchery  
  110  7:55  Extractor  
  110  7:56  Extractor  
  107  7:58  Metabolic Boost  
  107  8:03  Drone x2  
  107  8:04  Drone x3  
  112  8:11  Drone  
  113  8:18  Mutalisk x3  
  119  8:30  Mutalisk x3  
  123  8:38  Mutalisk  
  123  8:53  Mutalisk x2  
  123  8:55  Drone x6  
  131  9:04  Corruptor  
  131  9:05  Corruptor  
  135  9:27  Queen  
  135  9:28  Spore Crawler  
  135  9:29  Drone x10  
  146  9:36  Spore Crawler  
  145  9:44  Zergling x14  
  152  9:54  Spore Crawler  
  152  9:55  Overlord x6  
  142  10:14  Mutalisk x7  
  142  10:15  Mutalisk x3  
  155  10:38  Mutalisk x3  
  155  10:39  Mutalisk x4  
  167  10:53  Mutalisk x2  
  171  11:14  Mutalisk x5  
  181  11:21  Extractor  
  181  11:22  Hatchery  
  181  11:25  Extractor  
  178  11:27  Hatchery  
  178  11:28  Extractor  
  174  11:49  Extractor  
  169  12:10  Corruptor x11  
  195  13:13  Infestation Pit  
Show
View Real Time Build Order
Export as new Build Order

Alpha Terran 

Build Orders: MMM Bio 

Get SALT Encoding   

  12  0:04  SCV  
  13  0:16  SCV  
  14  0:43  SCV, Supply Depot  
  14  0:46  Refinery  
  14  0:47  Refinery  
  15  1:05  SCV  
  16  1:15  Barracks  
  16  1:17  SCV  
  17  1:35  SCV  
  18  1:49  SCV  
  19  2:02  Barracks Tech Lab  
  19  2:11  Factory  
  19  2:19  Orbital Command  
  19  2:21  Marine  
  20  2:31  Command Center  
  20  2:37  Supply Depot  
  20  2:39  Marine  
  21  2:56  Factory Tech Lab  
  21  2:57  Marine  
  22  3:05  SCV  
  23  3:16  Starport  
  23  3:17  SCV, Marine  
  25  3:29  SCV  
  26  3:41  SCV  
  27  3:44  Siege Tank  
  27  3:46  Refinery  
  27  3:47  Marine  
  31  3:53  SCV  
  32  3:58  Starport Reactor  
  32  4:04  Factory  
  32  4:06  SCV  
  32  4:07  SCV  
  34  4:16  Siege Tank  
  37  4:18  SCV  
  37  4:20  SCV  
  37  4:21  Marine  
  40  4:30  SCV  
  41  4:32  SCV  
  41  4:36  Medivac x2  
  41  4:37  Engineering Bay  
  46  4:39  Combat Shields  
  46  4:56  Factory Tech Lab  
  46  5:03  Supply Depot  
  46  5:07  Missile Turret  
  46  5:24  Orbital Command  
  46  5:25  SCV, Cyclone, Siege Tank  
  53  5:30  Sensor Tower  
  53  5:31  Refinery  
  53  5:44  Marine  
  54  5:52  Supply Depot  
  54  5:58  Stimpack  
  54  6:05  Missile Turret  
  54  6:14  Cyclone, Siege Tank  
  60  6:36  Marine  
  61  6:54  Marine  
  62  7:23  Marine  
  52  7:41  Siege Tank x2, Marine  
  59  7:45  Medivac  
  61  7:57  Barracks  
  61  7:59  Marine  
  61  8:01  Supply Depot  
  61  8:03  Supply Depot  
  62  8:23  SCV x2, Medivac, Marine  
  62  8:26  Supply Depot  
  67  8:27  Supply Depot  
  67  8:35  SCV x2  
  67  8:39  Armory  
  67  8:40  Concussive Shells  
  67  8:41  Marine  
  70  8:44  Barracks Reactor  
  70  8:45  Barracks  
  70  8:47  SCV x2  
  72  8:48  Terran Infantry Weapons Level 1  
  72  8:49  Supply Depot  
  72  8:50  Supply Depot  
  72  8:52  Widow Mine  
  72  8:53  Widow Mine  
  76  8:58  Marine  
  76  8:59  SCV x2  
  79  9:11  SCV x2  
  79  9:16  Marine  
  82  9:21  Widow Mine x2  
  86  9:27  Terran Vehicle Weapons Level 1  
  86  9:34  Marine  
  86  9:35  Barracks Reactor  
  87  9:39  Barracks  
  87  9:40  Marine x2  
  89  9:52  Marine  
  90  9:58  Marine x2  
  92  10:00  Thor x2  
  104  10:15  Marine  
  104  10:16  Marine  
  106  10:28  Barracks Reactor  
  106  10:33  Marine x2  
  108  10:42  Terran Infantry Armor Level 1  
  108  10:48  Thor  
  108  10:49  Thor  
  120  10:54  Command Center  
  120  11:21  Terran Vehicle And Ship Armor Level 1  
  120  11:51  Command Center  
  120  11:58  Marine  
  120  11:59  Marine x6  
  127  12:16  Marine x2  
  127  12:17  Marine x5  
  134  12:24  Medivac x2  
  138  12:34  Marine x4  
  138  12:35  Marine x2  
  144  12:50  Marine  
  145  12:52  Marine x5  
  145  12:53  Marine  
  145  12:54  Medivac x2  
  155  13:10  Marine x2  
Show
View Real Time Build Order
Export as new Build Order

eXesor Protoss 

Build Orders: 1 Gate Expand, Oracle Opening 

Get SALT Encoding   

  12  0:02  Probe (Chrono Boost)  
  13  0:15  Pylon  
  13  0:17  Probe (Chrono Boost)  
  14  0:27  Probe (Chrono Boost)  
  15  0:38  Probe (Chrono Boost)  
  15  0:40  Gateway  
  16  0:49  Probe (Chrono Boost), Assimilator  
  17  0:59  Probe (Chrono Boost)  
  18  1:08  Assimilator  
  18  1:10  Probe (Chrono Boost)  
  19  1:20  Probe (Chrono Boost)  
  20  1:30  Cybernetics Core  
  20  1:36  Probe (Chrono Boost)  
  21  1:43  Nexus  
  21  1:46  Probe (Chrono Boost)  
  22  1:54  Pylon  
  22  1:57  Probe (Chrono Boost)  
  23  2:10  Stargate  
  23  2:12  Probe (Chrono Boost)  
  24  2:22  Probe (Chrono Boost)  
  25  2:25  Warp Gate (Chrono Boost)  
  25  2:34  Mothership Core  
  27  2:40  Pylon  
  27  2:54  Pylon, Oracle (Chrono Boost)  
  27  2:55  Probe  
  31  3:03  Probe  
  32  3:10  Probe  
  33  3:14  Probe  
  33  3:16  Pylon  
  34  3:22  Probe  
  34  3:24  Probe  
  34  3:25  Oracle (Chrono Boost)  
  39  3:34  Probe  
  39  3:35  Probe  
  41  3:49  Probe  
  41  3:51  Probe  
  41  3:54  Assimilator  
  43  3:59  Assimilator  
  43  4:03  Probe  
  41  4:40  Probe  
  41  4:41  Probe  
  43  4:47  Void Ray (Chrono Boost)  
  43  4:50  Probe  
  48  4:53  Probe  
  48  4:58  Protoss Air Weapons Level 1 (Chrono Boost)  
  48  4:59  Pylon  
  49  5:03  Stargate  
  49  5:04  Stargate  
  49  5:08  Probe x2  
  51  5:37  Void Ray  
  55  5:52  Probe  
  55  5:53  Probe  
  55  5:54  Void Ray x2  
  65  6:00  Pylon  
  65  6:04  Probe  
  65  6:05  Probe  
  65  6:06  Pylon  
  67  6:15  Pylon  
  67  6:20  Void Ray  
  71  6:37  Void Ray  
  75  6:50  Void Ray  
  79  6:56  Probe x2  
  81  7:08  Probe x2  
  81  7:12  Void Ray  
  81  7:13  Nexus  
  83  7:20  Probe x2  
  83  7:22  Fleet Beacon  
  89  7:25  Cybernetics Core  
  89  7:27  Protoss Air Armor Level 1 (Chrono Boost)  
  89  7:31  Assimilator  
  89  7:33  Assimilator  
  89  7:35  Pylon  
  89  7:39  Pylon  
  89  7:42  Pylon  
  69  8:41  Carrier x2  
  69  8:47  Carrier  
  87  8:52  Probe  
  87  8:54  Probe x2  
  90  9:03  Probe  
  90  9:06  Probe  
  92  9:13  Probe  
  92  9:14  Probe, Nexus  
  94  9:17  Pylon  
  94  9:19  Pylon  
  94  9:21  Protoss Air Weapons Level 2 (Chrono Boost)  
  94  9:22  Protoss Air Armor Level 2 (Chrono Boost)  
  94  9:33  Graviton Catapult  
  94  10:07  Carrier  
  94  10:08  Stargate  
  94  10:12  Assimilator  
  100  10:14  Assimilator  
  100  10:18  Forge  
  100  10:23  Carrier (Chrono Boost)  
  112  10:36  Carrier (Chrono Boost)  
  112  10:59  Carrier (Chrono Boost)  
  124  11:45  Carrier (Chrono Boost)  
  124  11:49  Carrier (Chrono Boost)  
  118  12:19  Carrier (Chrono Boost)  
  130  13:03  Nexus  
  130  13:05  Pylon  
  142  13:08  Pylon  
  142  13:11  Assimilator  
  142  13:16  Assimilator  
  142  13:26  Stargate  
Show
View Real Time Build Order
Export as new Build Order

Blubbel Terran 

Build Orders:  

Get SALT Encoding   

  12  0:01  SCV  
  13  0:17  SCV  
  14  0:25  Supply Depot  
  14  0:29  SCV  
  14  0:32  Refinery  
  15  0:47  SCV  
  16  0:51  Barracks  
  16  0:59  SCV  
  17  1:11  SCV  
  18  1:23  SCV  
  19  1:38  SCV  
  19  1:39  Supply Depot  
  20  1:44  Factory  
  20  1:50  SCV  
  21  2:02  SCV  
  21  2:05  Marine  
  23  2:11  Command Center  
  23  2:25  Orbital Command  
  23  2:27  Engineering Bay  
  23  2:28  Widow Mine  
  25  2:52  SCV  
  25  2:57  Starport  
  26  3:04  Barracks Reactor, SCV  
  27  3:09  Refinery  
  27  3:15  Widow Mine  
  27  3:16  SCV  
  30  3:34  Medivac  
  32  3:41  Barracks  
  32  3:42  Marine x2  
  34  3:49  SCV  
  30  4:01  SCV  
  26  4:13  SCV  
  27  4:25  SCV  
  28  4:42  Missile Turret  
  28  4:43  Orbital Command  
  28  4:45  SCV  
  28  4:51  Missile Turret  
  29  4:55  Barracks Tech Lab  
  29  4:58  SCV  
  30  5:10  SCV  
  30  5:13  SCV  
  32  5:22  SCV  
  32  5:23  Widow Mine  
  32  5:25  SCV  
  36  5:34  SCV  
  37  5:37  SCV  
  37  5:40  Marine x2  
  37  5:41  Marine  
  41  5:46  SCV  
  41  5:49  SCV  
  43  5:52  Widow Mine  
  45  5:58  SCV  
  46  6:17  Marine x2  
  46  6:18  SCV  
  40  6:39  Marine x2  
  43  6:44  Marauder  
  43  6:46  Starport Reactor  
  44  6:50  Terran Infantry Armor Level 1  
  44  6:53  Starport  
  44  6:57  Marine x2  
  44  6:58  Engineering Bay  
  46  7:06  Marauder  
  44  7:15  Marine x2  
  43  7:27  Marauder  
  45  7:32  Marine  
  46  7:47  Starport Reactor  
  46  8:08  Missile Turret  
  46  8:22  Liberator  
  46  8:35  Marine  
  46  8:38  Marauder  
  46  8:40  Marine  
  44  8:53  Marine  
  45  8:57  Refinery  
  45  8:58  Marine  
  45  9:00  Refinery  
  46  9:08  Supply Depot  
  46  9:11  Liberator  
  46  9:12  Liberator  
  46  9:13  Liberator  
  46  9:15  Liberator  
  46  9:19  Supply Depot  
  46  9:28  SCV, Marine x3  
  62  9:46  SCV, Marauder, Marine x2  
  67  10:04  Marine  
  67  10:05  Missile Turret  
  68  10:07  Liberator  
  68  10:08  Marauder  
  68  10:09  Liberator  
  70  10:24  Missile Turret  
  51  10:45  Liberator x2  
  49  10:50  Liberator  
  49  10:51  Liberator  
  49  10:59  Marine x2  
  49  11:01  Missile Turret  
  63  11:17  Marine x2  
  65  11:19  Hi-Sec Auto Tracking  
  65  11:22  Armory  
  65  11:24  Missile Turret  
  65  11:28  Liberator x2  
  64  11:34  Marine  
  64  11:35  Marine  
  69  11:52  Marine  
  70  11:58  Liberator  
  70  11:59  Liberator  
  58  12:11  Liberator  
  63  12:25  Missile Turret  
  66  12:36  Liberator  
  69  13:08  Supply Depot  
Show
View Real Time Build Order
Export as new Build Order

zod Protoss 

Build Orders: 1 Gate Expand 

Get SALT Encoding   

  12  0:01  Probe (Chrono Boost)  
  13  0:11  Probe (Chrono Boost)  
  14  0:20  Pylon  
  14  0:26  Probe (Chrono Boost)  
  15  0:37  Assimilator  
  15  0:38  Probe (Chrono Boost)  
  16  0:48  Probe (Chrono Boost)  
  17  0:52  Gateway  
  17  0:59  Gateway  
  17  1:00  Probe (Chrono Boost)  
  19  1:11  Probe (Chrono Boost)  
  19  1:22  Probe (Chrono Boost)  
  20  1:40  Nexus  
  20  1:42  Probe (Chrono Boost)  
  21  1:53  Cybernetics Core  
  21  1:59  Probe (Chrono Boost), Assimilator  
  22  2:19  Pylon  
  22  2:22  Probe (Chrono Boost)  
  23  2:31  Gateway  
  23  2:33  Pylon  
  24  2:37  Probe (Chrono Boost)  
  24  2:44  Forge  
  23  2:51  Probe (Chrono Boost)  
  24  3:02  Probe x2 (Chrono Boost)  
  26  3:07  Warp Gate (Chrono Boost)  
  26  3:12  Probe (Chrono Boost)  
  27  3:13  Probe (Chrono Boost)  
  27  3:15  Robotics Facility  
  27  3:17  Protoss Ground Weapons Level 1  
  28  3:23  Probe (Chrono Boost)  
  28  3:24  Probe (Chrono Boost)  
  30  3:32  Adept (Chrono Boost)  
  34  3:34  Adept (Chrono Boost)  
  34  3:38  Adept (Chrono Boost)  
  34  3:41  Probe (Chrono Boost)  
  37  3:47  Probe (Chrono Boost), Assimilator  
  38  3:59  Stalker (Chrono Boost)  
  40  4:04  Photon Cannon  
  40  4:09  Pylon  
  40  4:11  Pylon  
  40  4:14  Mothership Core  
  44  4:17  Stalker (Chrono Boost)  
  44  4:47  Warp Prism  
  46  4:57  Twilight Council  
  46  4:59  Gateway  
  46  5:01  Pylon  
  46  5:04  Pylon  
  46  5:06  Probe x2  
  48  5:11  Assimilator  
  48  5:13  Photon Cannon  
  48  5:18  Probe x2  
  48  5:30  Probe  
  48  5:32  Stalker x3  
  53  5:40  Protoss Ground Weapons Level 2  
  53  5:53  Stalker  
  53  5:56  Observer  
  56  6:00  Probe x2  
  58  6:12  Probe, Zealot x3  
  65  6:35  Stalker  
  65  6:36  Stalker x3  
  59  6:47  Stargate  
  59  6:49  Stargate  
  59  6:50  Stargate  
  59  7:10  Nexus  
  59  7:13  Assimilator  
  59  7:17  Assimilator  
  59  7:20  Pylon  
  59  7:26  Probe  
  59  7:27  Probe  
  61  7:35  Phoenix  
  61  7:36  Phoenix x2  
  67  7:39  Probe x2  
  69  8:00  Phoenix  
  69  8:01  Phoenix x2  
  73  8:09  Stalker  
  73  8:10  Stalker  
  73  8:40  Stalker x2  
  73  8:41  Stalker  
  73  9:19  Stalker x2  
  77  9:24  Pylon  
  77  9:26  Pylon  
  77  9:28  Pylon  
  77  9:30  Pylon  
  77  9:47  Nexus  
  77  9:48  Assimilator  
  77  9:49  Protoss Ground Weapons Level 3  
  75  10:08  Blink  
  75  10:13  Protoss Air Weapons Level 1 (Chrono Boost)  
  40  10:22  Stalker x3  
  40  10:23  Stalker  
  40  10:25  Void Ray x2  
  40  10:26  Phoenix  
  58  10:49  Stalker x4  
  58  10:58  Phoenix  
  41  11:53  Probe  
  39  11:57  Probe x2  
  43  12:09  Probe  
  43  12:10  Stalker x2, Probe  
  43  12:11  Stalker  
  43  12:21  Probe  
  43  12:22  Probe  
  44  12:28  Pylon  
  44  12:29  Pylon x2  
  44  12:30  Pylon  
  44  12:31  Zealot x2, Pylon  
  44  12:32  Zealot x2  
  44  12:33  Probe, Pylon  
  44  12:34  Probe, Pylon  
  46  12:46  Probe x2  
  38  13:00  Nexus  
  38  13:03  Assimilator  
  38  13:08  Assimilator  
Show
View Real Time Build Order
Export as new Build Order

MasteroP Zerg 

Build Orders: Hatch First 

Get SALT Encoding   

  12  0:01  Drone  
  13  0:12  Overlord  
  14  0:21  Drone  
  14  0:32  Drone x2  
  16  0:37  Drone  
  17  0:56  Drone  
  18  0:59  Hatchery  
  18  1:03  Drone  
  18  1:10  Drone  
  19  1:18  Drone, Spawning Pool  
  19  1:25  Extractor  
  18  1:33  Drone  
  19  1:41  Drone  
  20  1:52  Drone  
  21  2:00  Overlord  
  21  2:14  Drone x2, Spine Crawler  
  22  2:18  Queen  
  22  2:19  Queen  
  22  2:22  Drone x2  
  28  2:27  Extractor  
  27  2:33  Drone x2  
  29  2:43  Drone  
  30  2:48  Drone  
  31  2:55  Lair  
  31  3:02  Drone x2  
  33  3:06  Extractor  
  33  3:10  Drone x2  
  34  3:22  Drone x2  
  36  3:37  Extractor  
  36  3:39  Drone  
  36  3:40  Overlord x4  
  36  4:06  Spore Crawler  
  35  4:12  Spore Crawler  
  35  4:13  Drone x4  
  35  4:14  Drone  
  31  4:32  Spore Crawler  
  28  4:52  Drone x3  
  31  4:53  Drone x6  
  31  4:59  Spire  
  36  5:06  Hatchery  
  35  5:08  Drone x2  
  37  5:50  Overlord  
  37  6:10  Mutalisk x7  
  37  6:11  Mutalisk x4  
  51  6:16  Mutalisk  
  61  6:23  Zerg Flyer Weapons Level 1  
  61  6:26  Mutalisk  
  61  6:30  Drone  
  64  6:35  Mutalisk  
  66  6:50  Mutalisk x3  
  61  7:17  Mutalisk x4  
  51  7:38  Mutalisk  
  51  7:39  Mutalisk  
  55  7:48  Mutalisk  
  57  7:52  Mutalisk  
  59  8:17  Mutalisk  
  45  8:33  Mutalisk x3  
  47  8:45  Mutalisk  
  47  8:46  Mutalisk  
  51  8:52  Hatchery  
  50  9:11  Mutalisk x2  
  54  9:22  Zergling x2  
  54  9:23  Zergling x6  
  58  9:24  Metabolic Boost  
  58  9:27  Mutalisk  
  60  9:41  Zerg Flyer Weapons Level 2  
  60  10:04  Zergling x6  
  60  10:05  Overlord x3  
  63  10:30  Mutalisk x5  
  63  10:31  Zergling x6  
  63  10:32  Zergling x4  
  72  10:44  Zergling x10  
  77  11:04  Zergling x4  
  77  11:05  Zergling x6  
  84  11:18  Zergling x4  
  84  11:20  Overlord x4  
  81  12:07  Mutalisk  
  81  12:08  Mutalisk x8  
  93  12:16  Mutalisk  
  93  12:17  Mutalisk  
  93  12:19  Zergling x10  
  102  12:50  Zergling x4  
  102  12:51  Zergling x14  
  111  13:04  Mutalisk x2  
Tags
 
Add a new tag
Caveats
  • Supply blocks, unpowered buildings, or Contaminate may cause inaccurate times.
  • Supply counts are checked every 10 seconds.